TOP OF THE 1ST |
Scottsdale Scorpions batting - Pitching for Beaverton Bronze Souls : RHP Ramón Marerro
|
Pitching: RHP Ramón Marerro
|
|
Batting: LHB Ernesto Hernández
|
0-0: Called Strike 0-1: Ball 1-1: Fly out, F3 (Popup, 3L)
|
Batting: RHB Jaime Delgado
|
0-0: Called Strike 0-1: Ball 1-1: Ball 2-1: Foul Ball, location: 2F 2-2: Strikes out swinging
|
Batting: RHB Lúcio Ramírez
|
0-0: Ball 1-0: Called Strike 1-1: Swinging Strike 1-2: Ball 2-2: Foul Ball, location: 2F 2-2: Strikes out swinging
|
Top of the 1st over - 0 run(s), 0 hit(s), 0 error(s), 0 left on base; Scottsdale 0 - Beaverton 0 |
BOTTOM OF THE 1ST |
Beaverton Bronze Souls batting - Pitching for Scottsdale Scorpions : LHP Brant Goff
|
Pitching: LHP Brant Goff
|
|
Batting: RHB Chris Hall
|
0-0: Ball 1-0: Ground out U3 (Groundball, 34)
|
Batting: RHB Rusty Anderson
|
0-0: Ball 1-0: Called Strike 1-1: Ball 2-1: Foul Ball, location: 2F 2-2: Strikes out swinging
|
Batting: LHB Chance Santry
|
0-0: Ball 1-0: Fly out, F9 (Flyball, 9)
|
Bottom of the 1st over - 0 run(s), 0 hit(s), 0 error(s), 0 left on base; Scottsdale 0 - Beaverton 0 |
TOP OF THE 2ND |
Scottsdale Scorpions batting - Pitching for Beaverton Bronze Souls : RHP Ramón Marerro
|
Batting: LHB Sergio Fernández
|
0-0: Called Strike 0-1: Swinging Strike 0-2: Ball 1-2: Foul Ball, location: 2F 1-2: Foul Ball, location: 2F 1-2: Strikes out swinging
|
Batting: SHB Arnold Moore
|
0-0: Ball 1-0: Foul Ball, location: 2F 1-1: Foul Ball, location: 2F 1-2: Strikes out swinging
|
Batting: RHB Sergio Domínguez
|
0-0: Ball 1-0: Foul Ball, location: 2F 1-1: Ball 2-1: Ball 3-1: SINGLE (Groundball, 6D)
|
Batting: RHB Ronald Smith
|
0-0: Ball 1-0: Ball 2-0: Called Strike 2-1: Called Strike 2-2: Ball 3-2: Strikes out swinging
|
Top of the 2nd over - 0 run(s), 1 hit(s), 0 error(s), 1 left on base; Scottsdale 0 - Beaverton 0 |
BOTTOM OF THE 2ND |
Beaverton Bronze Souls batting - Pitching for Scottsdale Scorpions : LHP Brant Goff
|
Batting: RHB Carlos Guevara
|
0-0: Ball 1-0: Ball 2-0: Called Strike 2-1: Ball 3-1: Base on Balls
|
Batting: RHB Tom Hughes
|
0-0: Ball 1-0: Ball 2-0: Foul Ball, location: 2F 2-1: Foul Ball, location: 2F 2-2: Ball 3-2: Foul Ball, location: 2F 3-2: Base on Balls Carlos Guevara to second
|
Batting: LHB Cristóbal Gómez
|
0-0: Ball 1-0: Called Strike 1-1: Ball 2-1: Foul Ball, location: 2F 2-2: Ball 3-2: Strikes out swinging
|
Batting: RHB David Kerr
|
0-0: Ball 1-0: Called Strike 1-1: Called Strike 1-2: Ball 2-2: Fly out, F8 (Flyball, 8RS)
|
Batting: RHB Carlos Carrillo
|
0-0: Called Strike 0-1: Called Strike 0-2: Ball 1-2: Fielders Choice at 2nd, 5-4 (Groundball, 5L)
|
Bottom of the 2nd over - 0 run(s), 0 hit(s), 0 error(s), 1 left on base; Scottsdale 0 - Beaverton 0 |
TOP OF THE 3RD |
Scottsdale Scorpions batting - Pitching for Beaverton Bronze Souls : RHP Ramón Marerro
|
Batting: LHB José Garza
|
0-0: Ball 1-0: Called Strike 1-1: Ball 2-1: Called Strike 2-2: Foul Ball, location: 2F 2-2: Strikes out swinging
|
Batting: RHB Robinson Fernández
|
0-0: SINGLE (Line Drive, 56D)
|
Batting: LHB Ernesto Hernández
|
0-0: Called Strike 0-1: Hit by Pitch Robinson Fernández to second
|
Batting: RHB Jaime Delgado
|
0-0: Ball 1-0: Ball 2-0: Ball 3-0: Called Strike 3-1: SINGLE (Groundball, 6MD) Robinson Fernández to third Ernesto Hernández to second Runner from 3rd tries for Home, SAFE, no throw
|
Batting: RHB Lúcio Ramírez
|
0-0: Called Strike Ernesto Hernández steals 3rd base Jaime Delgado to second 0-1: Called Strike 0-2: Ball 1-2: Ball 2-2: Foul Ball, location: 2F 2-2: Ball 3-2: Fly out, F9 (Flyball, 9) Runner from 3rd tags up, SCORES, no throw
|
Batting: LHB Sergio Fernández
|
0-0: Ball 1-0: Ball 2-0: Called Strike 2-1: Fly out, F7 (Flyball, 7S)
|
Top of the 3rd over - 2 run(s), 2 hit(s), 0 error(s), 1 left on base; Scottsdale 2 - Beaverton 0 |
BOTTOM OF THE 3RD |
Beaverton Bronze Souls batting - Pitching for Scottsdale Scorpions : LHP Brant Goff
|
Batting: SHB Alberto Sandoval
|
0-0: Hit by Pitch
|
Batting: RHB Chris Hall
|
0-0: Called Strike 0-1: Ball 1-1: Ball 2-1: Ball 3-1: Hit by Pitch Alberto Sandoval to second
|
Batting: RHB Rusty Anderson
|
0-0: Ball 1-0: Ball 2-0: Called Strike Alberto Sandoval steals 3rd base Chris Hall to second 2-1: Ball 3-1: Foul Ball, location: 2F 3-2: Foul Ball, location: 2F 3-2: Base on Balls
|
Batting: LHB Chance Santry
|
0-0: Ball 1-0: Foul Ball, location: 2F 1-1: SINGLE (Line Drive, 4D) Alberto Sandoval scores Chris Hall to third Rusty Anderson to second
|
Batting: RHB Carlos Guevara
|
0-0: Ball 1-0: Ball 2-0: Foul Ball, location: 2F 2-1: Called Strike 2-2: Grounds into double play, 6-4-3 (Groundball, 6) Chris Hall scores Rusty Anderson to third
|
Batting: RHB Tom Hughes
|
0-0: Called Strike 0-1: Ball 1-1: Foul Ball, location: 2F 1-2: Foul Ball, location: 2F 1-2: Ground out 1-3 (Groundball, 13)
|
Bottom of the 3rd over - 2 run(s), 1 hit(s), 0 error(s), 1 left on base; Scottsdale 2 - Beaverton 2 |
TOP OF THE 4TH |
Scottsdale Scorpions batting - Pitching for Beaverton Bronze Souls : RHP Ramón Marerro
|
Batting: SHB Arnold Moore
|
0-0: Foul Ball, location: 2F 0-1: Ball 1-1: Swinging Strike 1-2: Strikes out swinging
|
Batting: RHB Sergio Domínguez
|
0-0: Ball 1-0: Called Strike 1-1: Ball 2-1: Ball 3-1: Base on Balls
|
Batting: RHB Ronald Smith
|
0-0: Ball 1-0: Called Strike 1-1: Ball 2-1: Ball 3-1: Foul Ball, location: 2F 3-2: Strikes out swinging
|
Batting: LHB José Garza
|
0-0: Foul Ball, location: 2F 0-1: Foul Ball, location: 2F 0-2: Ball 1-2: Strikes out swinging
|
Top of the 4th over - 0 run(s), 0 hit(s), 0 error(s), 1 left on base; Scottsdale 2 - Beaverton 2 |
BOTTOM OF THE 4TH |
Beaverton Bronze Souls batting - Pitching for Scottsdale Scorpions : LHP Brant Goff
|
Batting: LHB Cristóbal Gómez
|
0-0: Ball 1-0: Called Strike 1-1: Ball 2-1: Fly out, F8 (Flyball, 8RM)
|
Batting: RHB David Kerr
|
0-0: Ball 1-0: Ball 2-0: Foul Ball, location: 2F 2-1: Swinging Strike 2-2: Ball 3-2: Foul Ball, location: 2F 3-2: Base on Balls
|
Batting: RHB Carlos Carrillo
|
0-0: Ball 1-0: Grounds into double play, 6-4-3 (Groundball, 6)
|
Bottom of the 4th over - 0 run(s), 0 hit(s), 0 error(s), 0 left on base; Scottsdale 2 - Beaverton 2 |
TOP OF THE 5TH |
Scottsdale Scorpions batting - Pitching for Beaverton Bronze Souls : RHP Ramón Marerro
|
Batting: RHB Robinson Fernández
|
0-0: Foul Ball, location: 2F 0-1: Ground out 6-3 (Groundball, 6)
|
Batting: LHB Ernesto Hernández
|
0-0: Reached on error, E3 (Groundball, 3S)
|
Pitching: LHP Ramón Rodríguez
|
|
Batting: RHB Jaime Delgado
|
0-0: Ball 1-0: Called Strike 1-1: Foul Ball, location: 2F 1-2: SINGLE (Line Drive, 7S) Ernesto Hernández to second
|
Batting: RHB Lúcio Ramírez
|
0-0: Called Strike Ernesto Hernández steals 3rd base Jaime Delgado to second 0-1: Foul Ball, location: 2F 0-2: Reached on error, E9 (Flyball, 89M) Ernesto Hernández scores Jaime Delgado to third
|
Batting: LHB Sergio Fernández
|
0-0: Ball 1-0: Ball 2-0: Ball 3-0: Called Strike 3-1: Called Strike 3-2: Fly out, F3 (Line Drive, 3) Lined into DP, U3 (Line Drive, 3)
|
Top of the 5th over - 1 run(s), 1 hit(s), 2 error(s), 1 left on base; Scottsdale 3 - Beaverton 2 |
BOTTOM OF THE 5TH |
Beaverton Bronze Souls batting - Pitching for Scottsdale Scorpions : LHP Brant Goff
|
Batting: SHB Alberto Sandoval
|
0-0: Ball 1-0: Called Strike 1-1: Swinging Strike 1-2: Strikes out swinging
|
Batting: RHB Chris Hall
|
0-0: Ball 1-0: Ball 2-0: Foul Ball, location: 2F 2-1: Fly out, F9 (Line Drive, 9)
|
Batting: RHB Rusty Anderson
|
0-0: SINGLE (Line Drive, 89S)
|
Batting: LHB Chance Santry
|
0-0: Ball 1-0: Swinging Strike 1-1: DOUBLE (Line Drive, 9LM) Rusty Anderson to third Runner from 3rd tries for Home, throw and OUT!
|
Bottom of the 5th over - 0 run(s), 2 hit(s), 0 error(s), 1 left on base; Scottsdale 3 - Beaverton 2 |
TOP OF THE 6TH |
Scottsdale Scorpions batting - Pitching for Beaverton Bronze Souls : LHP Ramón Rodríguez
|
Batting: SHB Arnold Moore
|
0-0: Ball 1-0: Fly out, F6 (Line Drive, 6)
|
Batting: RHB Sergio Domínguez
|
0-0: Ball 1-0: Swinging Strike 1-1: Swinging Strike 1-2: Ball 2-2: Foul Ball, location: 2F 2-2: Strikes out swinging, 2-3 out at first.
|
Batting: RHB Ronald Smith
|
0-0: Ball 1-0: SINGLE (Groundball, 4MD)
|
Batting: LHB José Garza
|
0-0: Called Strike 0-1: Ball 1-1: Foul Ball, location: 2F 1-2: Strikes out swinging
|
Top of the 6th over - 0 run(s), 1 hit(s), 0 error(s), 1 left on base; Scottsdale 3 - Beaverton 2 |
BOTTOM OF THE 6TH |
Beaverton Bronze Souls batting - Pitching for Scottsdale Scorpions : LHP Brant Goff
|
Pitching: RHP José Alvarado
|
|
Batting: RHB Carlos Guevara
|
0-0: Called Strike 0-1: Ball 1-1: Called Strike 1-2: Strikes out looking
|
Batting: RHB Tom Hughes
|
0-0: Ball 1-0: Ball 2-0: Ball 3-0: Base on Balls
|
Batting: LHB Cristóbal Gómez
|
0-0: Ball 1-0: Called Strike 1-1: Ball 2-1: Ball 3-1: Called Strike 3-2: Foul Ball, location: 2F 3-2: Fly out, F8 (Line Drive, 8RD)
|
Batting: RHB David Kerr
|
0-0: Ball 1-0: Called Strike 1-1: Called Strike 1-2: Ball 2-2: Ball 3-2: Base on Balls Tom Hughes to second
|
Batting: RHB Carlos Carrillo
|
0-0: Called Strike 0-1: Ball 1-1: Swinging Strike 1-2: Strikes out swinging
|
Bottom of the 6th over - 0 run(s), 0 hit(s), 0 error(s), 2 left on base; Scottsdale 3 - Beaverton 2 |
TOP OF THE 7TH |
Scottsdale Scorpions batting - Pitching for Beaverton Bronze Souls : LHP Ramón Rodríguez
|
Batting: RHB Robinson Fernández
|
0-0: Ball 1-0: Swinging Strike 1-1: Swinging Strike 1-2: Ball 2-2: Foul Ball, location: 2F 2-2: Ball 3-2: Ground out 4-3 (Groundball, 34)
|
Batting: LHB Ernesto Hernández
|
0-0: Ball 1-0: Called Strike 1-1: Called Strike 1-2: Fly out, F3 (Line Drive, 3)
|
Batting: RHB Jaime Delgado
|
0-0: Called Strike 0-1: Foul Ball, location: 2F 0-2: Strikes out swinging
|
Top of the 7th over - 0 run(s), 0 hit(s), 0 error(s), 0 left on base; Scottsdale 3 - Beaverton 2 |
BOTTOM OF THE 7TH |
Beaverton Bronze Souls batting - Pitching for Scottsdale Scorpions : RHP José Alvarado
|
Batting: SHB Alberto Sandoval
|
0-0: Ball 1-0: Called Strike 1-1: Called Strike 1-2: Foul Ball, location: 2F 1-2: Foul Ball, location: 2F 1-2: Foul Ball, location: 2F 1-2: Strikes out swinging
|
Batting: RHB Chris Hall
|
0-0: Called Strike 0-1: Ball 1-1: TRIPLE (Flyball, 89M)
|
Pinch Hitting: SHB Dawson Fowler
|
0-0: Ball 1-0: Foul Ball, location: 2F 1-1: Foul Ball, location: 2F 1-2: Ball 2-2: Ball 3-2: Foul Ball, location: 2F 3-2: Base on Balls
|
Batting: LHB Chance Santry
|
0-0: Called Strike 0-1: 3-RUN HOME RUN (Flyball, 78D), Distance : 390 ft
|
Pitching: RHP Billy O'Neal
|
|
Batting: RHB Carlos Guevara
|
0-0: Ball 1-0: Called Strike 1-1: Ball 2-1: Called Strike 2-2: Foul Ball, location: 2F 2-2: Foul Ball, location: 2F 2-2: Fly out, F9 (Flyball, 9S)
|
Batting: RHB Tom Hughes
|
0-0: Foul Ball, location: 2F 0-1: Swinging Strike 0-2: Ball 1-2: Foul Ball, location: 2F 1-2: Strikes out looking
|
Bottom of the 7th over - 3 run(s), 2 hit(s), 0 error(s), 0 left on base; Scottsdale 3 - Beaverton 5 |
TOP OF THE 8TH |
Scottsdale Scorpions batting - Pitching for Beaverton Bronze Souls : LHP Ramón Rodríguez
|
Now in LF: Dawson Fowler
|
|
Batting: RHB Lúcio Ramírez
|
0-0: Ball 1-0: Ball 2-0: Called Strike 2-1: Ground out 6-3 (Groundball, 6)
|
Batting: LHB Sergio Fernández
|
0-0: Swinging Strike 0-1: Foul Ball, location: 2F 0-2: Strikes out swinging
|
Batting: SHB Arnold Moore
|
0-0: Ball 1-0: Ball 2-0: Foul Ball, location: 2F 2-1: Ball 3-1: SINGLE (Line Drive, 9S)
|
Pitching: RHP Ben Hepworth
|
|
Pinch Runner at 1st Ricardo Gutiérrez:
|
|
Batting: RHB Sergio Domínguez
|
0-0: Called Strike 0-1: Ball 1-1: Ball 2-1: Ball 3-1: Foul Ball, location: 2F 3-2: Strikes out swinging
|
Top of the 8th over - 0 run(s), 1 hit(s), 0 error(s), 1 left on base; Scottsdale 3 - Beaverton 5 |
BOTTOM OF THE 8TH |
Beaverton Bronze Souls batting - Pitching for Scottsdale Scorpions : RHP Billy O'Neal
|
Batting: LHB Cristóbal Gómez
|
0-0: Ground out 4-3 (Groundball, 4)
|
Batting: RHB David Kerr
|
0-0: Fly out, F7 (Line Drive, 7)
|
Batting: RHB Carlos Carrillo
|
0-0: Foul Ball, location: 2F 0-1: Ball 1-1: Ball 2-1: Swinging Strike 2-2: Strikes out swinging
|
Bottom of the 8th over - 0 run(s), 0 hit(s), 0 error(s), 0 left on base; Scottsdale 3 - Beaverton 5 |
TOP OF THE 9TH |
Scottsdale Scorpions batting - Pitching for Beaverton Bronze Souls : RHP Ben Hepworth
|
Pitching: LHP Mike Stevens
|
|
Now at 1B: José Dávila
|
|
Batting: RHB Ronald Smith
|
0-0: Called Strike 0-1: Ball 1-1: Called Strike 1-2: Ball 2-2: Strikes out swinging
|
Batting: LHB José Garza
|
0-0: Foul Ball, location: 2F 0-1: Ball 1-1: Foul Ball, location: 2F 1-2: DOUBLE (Flyball, 78XD)
|
Pinch Hitting: RHB Cristián Román
|
0-0: Ball 1-0: Ball 2-0: Called Strike 2-1: Ball 3-1: Called Strike 3-2: Foul Ball, location: 2F 3-2: Foul Ball, location: 2F 3-2: Strikes out swinging
|
Pinch Hitting: RHB Edgardo Gonzáles
|
0-0: Ball 1-0: SINGLE (Groundball, 6MD) José Garza to third Runner from 3rd tries for Home, SAFE, no throw
|
Pinch Hitting: SHB Juan Gonzáles
|
0-0: Ball 1-0: Ball 2-0: Ball 3-0: Base on Balls Edgardo Gonzáles to second
|
Batting: RHB Lúcio Ramírez
|
0-0: Ball 1-0: Ball 2-0: Called Strike 2-1: Called Strike 2-2: Strikes out swinging
|
Top of the 9th over - 1 run(s), 2 hit(s), 0 error(s), 2 left on base; Scottsdale 4 - Beaverton 5 |
|